 Dungeon Crawl Stone Soup version 0.23.2-33-g5129a83184 (webtiles) character file.

Game seed: 14118693670020927713

50117 TrebMcFLY the Severer (level 14, -14/111 HPs)
             Began as a Minotaur Fighter on July 13, 2019.
             Was a High Priest of Yredelemnul.
             Killed from afar by a fire dragon (47 damage)
             ... with a blast of flame
             ... on level 13 of the Dungeon.
             The game lasted 01:16:34 (20528 turns).

TrebMcFLY the Severer (Minotaur Fighter)           Turns: 20528, Time: 01:16:35

Health: -14/111    AC: 22    Str: 25    XL:     14   Next: 18%
Magic:  19/19      EV: 10    Int:  5    God:    Yredelemnul [*****.]
Gold:   1590       SH: 13    Dex: 11    Spells: 13/13 levels left

rFire    . . .     SeeInvis .   a - +1 war axe
rCold    . . .     Gourm    .   c - +0 shield
rNeg     . . .     Faith    .   T - +0 plate armour
rPois    +         Spirit   .   Q - +2 hat
rElec    .         Reflect  .   G - scarf {cloud immunity}
rCorr    .         Harm     .   u - +1 pair of gloves
MR       ++...                  C - +1 pair of boots
Stlth    ..........             X - amulet of the acrobat
HPRegen  0.28/turn              w - ring of protection from magic
MPRegen  0.16/turn              q - ring of poison resistance

@: no status effects
A: retaliatory headbutt, horns 2, frail 1
a: Recall Undead Slaves, Injury Mirror, Animate Dead, Drain Life, Enslave Soul,
Renounce Religion


You were on level 13 of the Dungeon.
You worshipped Yredelemnul.
Yredelemnul was extremely pleased with you.
You were hungry.

You visited 3 branches of the dungeon, and saw 20 of its levels.
You also visited: Ossuary.

You collected 1635 gold pieces.
You spent 45 gold pieces at shops.

Inventory:

Hand Weapons
 a - a +1 war axe (weapon)
 y - a +2 morningstar of protection
Armour
 c - a +0 shield (worn)
 u - a +1 pair of gloves (worn)
 C - a +1 pair of boots (worn)
 G - a scarf of cloud immunity (worn)
 Q - a +2 hat (worn)
 T - a +0 plate armour (worn)
Jewellery
 q - a ring of poison resistance (right hand)
 w - a ring of protection from magic (left hand)
 X - an amulet of the acrobat (around neck)
Wands
 g - a wand of paralysis (19)
 s - a wand of flame (49)
 x - a wand of digging (23)
 A - a wand of polymorph (20)
 D - a wand of iceblast (32)
 N - a wand of random effects (52)
 P - a wand of disintegration (14)
 U - a wand of enslavement (11)
Scrolls
 e - 4 scrolls of fear {unknown}
 j - 4 scrolls of amnesia
 k - 7 scrolls of enchant weapon
 m - 9 scrolls of remove curse
 p - 13 scrolls of identify
 v - a scroll of immolation
 B - 3 scrolls of enchant armour
 F - 8 scrolls of teleportation
 J - a scroll of holy word {unknown}
 L - 3 scrolls of blinking
 O - a scroll of acquirement {unknown}
 V - a scroll of magic mapping
 Y - a scroll of fog
Potions
 b - 3 potions of haste {unknown}
 d - 4 potions of might
 h - 2 potions of magic {unknown}
 i - 6 potions of mutation
 l - 11 potions of heal wounds
 n - 15 potions of curing
 o - 4 potions of lignification {unknown}
 r - 3 potions of brilliance {unknown}
 t - 2 potions of flight {unknown}
 z - 2 potions of berserk rage
 E - 3 potions of ambrosia {unknown}
 H - 3 potions of resistance {unknown}
 I - 3 potions of invisibility {unknown}
 K - a potion of cancellation {unknown}
 M - 3 potions of agility {unknown}
Miscellaneous
 R - 2 phantom mirrors
Comestibles
 f - 34 rations


   Skills:
 + Level 11.5 Fighting
 * Level 15.1 Axes
 + Level 11.6 Armour
 - Level 8.6 Dodging
 + Level 11.6 Shields
 + Level 8.6 Invocations
 + Level 7.8 Evocations


You had 13 spell levels left.
You didn't know any spells.
Your spell library was empty.

Dungeon Overview and Level Annotations

Branches:
Dungeon (13/15)            Temple (1/1) D:5            Lair (6/6) D:8
 Shoals (0/4) Lair:3        Snake (0/4) Lair:2        Slime (0/5) Lair:6
    Orc (0/2) D:12
 Vaults: D:13-14

Altars:
Ashenzari
Cheibriados
Dithmenos
Elyvilon
Fedhas
Gozag
Hepliaklqana
Kikubaaqudgha
Makhleb
Nemelex Xobeh
Okawaru
Qazlal
Ru
Sif Muna
Trog
Uskayaw
Vehumet
Wu Jian
Xom
Yredelemnul
Zin
The Shining One
Jiyva

Shops:
D:4 *   D:9 *   D:12 [(

Annotations:
D:3 3 runed translucent doors, Tramtrist's ghost, weakling DDFi
D:5 1 runed translucent door, Crazy Yiuf
D:13 2 transporters, Hycrow's ghost, journeyman GrEE
Lair:5 exclusion: oklob plant
Lair:6 exclusion: oklob plant


Innate Abilities, Weirdness & Mutations

You reflexively headbutt those who attack you in melee.
You have a pair of horns on your head.
You are frail. (-10% HP)


Message History

You hit the fire dragon.
You headbutt the fire dragon, but do no damage.
The fire dragon is severely wounded.
You hit the fire dragon but do no damage.
You headbutt the fire dragon, but do no damage.
The fire dragon is severely wounded.
Your skeletal warrior hits the fire dragon but does no damage.
Your skeletal warrior hits the iron troll but does no damage.
The fire dragon bites your skeletal warrior but does no damage.
The fire dragon claws your skeletal warrior but does no damage.
The fire dragon closely misses your skeletal warrior.
You hit the fire dragon but do no damage.
The fire dragon is severely wounded.
The iron troll barely misses your skeletal warrior.
The iron troll completely misses your skeletal warrior.
The iron troll claws your skeletal warrior!
The fire dragon breathes flames at you. The blast of flame hits you!!!
You die...
Your body rises from the dead as a mindless zombie.

#.###.# #..ZZ.# ##.####
###Z###### Z.Z.##....
######..##########
#.....#....WTz.#..
###.###.# #D.#.# .#
........# #.@#.##.#
.##.##..# #..#.....
.##.##..#######Z.#.##.#
.##..............#.##.#
.#####..##...#####.##.#
.)..)........z.....##.#
.######.###.....##....#
.###............#####.#
................# #.#


You could see a fire dragon, an iron troll, a freezing wraith, a friendly
skeletal warrior and a friendly yak zombie.

Vanquished Creatures
  Josephine (D:13)
  Harold (D:8)
  4 hydras
  A two-headed ogre (D:11)
  A centaur warrior (D:13)
  A tengu warrior (D:10)
  A shining eye (shapeshifter) (D:13)
  3 ugly things
  2 cyclopes
  A centaur zombie (D:11)
  A manticore (D:12)
  5 elephants
  2 black mambas
  A torpor snail (Lair:3)
  4 spiny frogs
  4 yaktaurs (D:11)
  3 komodo dragons
  A rime drake (Lair:6)
  2 trolls
  6 slime creatures (D:12)
  A tyrant leech (Lair:6)
  Prince Ribbit (D:8)
  10 blink frogs
  7 hippogriffs
  A vampire (D:11)
  6 wraiths
  2 wyverns
  41 yaks
  Grum (Lair:1)
  2 vampire mosquitoes (Lair:6)
  A basilisk (D:12)
  2 nagas (Lair:2)
  2 wargs (D:8)
  4 water moccasins
  5 porcupines
  6 orc warriors
  3 necrophages
  3 black bears
  2 sky beasts
  6 ogres
  4 phantoms
  A hornet zombie (D:10)
  10 wolves
  An eye of draining (D:7)
  12 crocodiles
  4 centaurs
  A big kobold (D:6)
  15 bullfrogs
  3 wyvern zombies
  A gnoll sergeant (D:7)
  3 scorpions
  5 wights (D:11)
  An electric eel (Lair:5)
  6 crimson imps
  A gnoll shaman (D:7)
  A quasit (D:11)
  3 bullfrog zombies
  5 orc priests
  4 hounds
  2 bullfrog skeletons
  14 orc wizards
  Ijyb (D:5)
  2 centaur skeletons
  4 iguanas
  11 mummies (Ossuary)
  Jessica (D:2)
  A hell rat (Lair:5)
  8 worker ants
  3 killer bee zombies (Ossuary)
  4 hound zombies
  A howler monkey zombie (Ossuary)
  5 worker ant zombies (Ossuary)
  7 gnolls (D:7)
  11 adders
  A howler monkey skeleton (D:11)
  An ooze (D:2)
  3 adder zombies (Ossuary)
  2 adder skeletons
  3 worms
  4 dart slugs
  A leopard gecko (D:3)
  46 orcs
  7 bats
  2 giant cockroaches
  6 goblins
  7 hobgoblins
  12 jackals
  4 quokkas
  2 ball pythons (D:1)
  7 frilled lizards
  A giant cockroach zombie (D:6)
  16 kobolds
  2 leopard gecko skeletons
  A leopard gecko zombie (Ossuary)
  2 quokka skeletons
  A quokka zombie (Ossuary)
  6 rats
  5 fungi
  A plant (Lair:6)
  4 toadstools (D:10)
454 creatures vanquished.

Vanquished Creatures (collateral kills)
  Erolcha (D:12)
  3 hydras
  Sonja (D:10)
  An ugly thing (D:12)
  A black mamba (Lair:1)
  7 elephants
  A torpor snail (Lair:5)
  14 spiny frogs
  3 komodo dragons
  A troll (D:12)
  2 hippogriffs
  3 tyrant leeches (Lair:6)
  21 blink frogs
  22 yaks
  A wraith (D:13)
  3 basilisks
  4 vampire mosquitoes (Lair:6)
  7 water moccasins
  A porcupine (Lair:5)
  A black bear (D:10)
  A necrophage (Lair:3)
  6 wolves
  5 crocodiles
  A centaur (D:10)
  5 bullfrogs
  A scorpion (D:9)
  4 electric eels
  A crimson imp (D:10)
  A hound (D:10)
  An orc priest (D:10)
  An orc wizard (D:10)
  5 hell rats (Lair:6)
  A leopard gecko (D:10)
  2 bushes (Lair:6)
  21 fungi
  24 plants
178 creatures vanquished.

Vanquished Creatures (others)
  A black mamba zombie (Lair:6)
  15 flying skulls
  A vampire (D:13)
  A tyrant leech zombie (Lair:6)
  3 spiny frog zombies (Lair:6)
  2 blink frog skeletons (Lair:6)
  3 blink frog zombies (Lair:6)
  2 vampire mosquito zombies (Lair:6)
  2 elephant skeletons
  8 yak zombies
  2 wights
  A yak skeleton (Lair:6)
  A centaur zombie (D:10)
  4 bullfrog zombies
  A black bear zombie (D:9)
  A bullfrog skeleton (Lair:6)
  A crocodile zombie (Lair:2)
  2 ogre zombies
  A hound zombie (D:10)
  A mummy (Lair:3)
  2 hell rat zombies (Lair:6)
  3 orc skeletons
  An orc zombie (D:11)
  A bush (Lair:6)
  9 fungi
  24 plants (Lair:6)
  A withered plant (Ossuary)
94 creatures vanquished.

Grand Total: 726 creatures vanquished

Notes
Turn   | Place    | Note
-------+----------+-------------------------------------------
     0 | D:1      | TrebMcFLY the Minotaur Fighter began the quest for the Orb.
     0 | D:1      | Reached XP level 1. HP: 19/19 MP: 0/0
   142 | D:1      | Reached XP level 2. HP: 27/27 MP: 1/1
   219 | D:1      | Reached skill level 3 in Axes
   227 | D:1      | Found a shattered altar of Ashenzari.
   535 | D:1      | Reached XP level 3. HP: 19/33 MP: 2/2
  1028 | D:2      | Noticed Jessica
  1038 | D:2      | Killed Jessica
  1172 | D:2      | Reached XP level 4. HP: 40/40 MP: 3/3
  1325 | D:2      | Found a faded altar of an unknown god.
  1393 | D:2      | Reached skill level 4 in Axes
  2134 | D:3      | Found a shadowy altar of Dithmenos.
  2508 | D:3      | Found a runed translucent gate.
  2508 | D:3      | Found a runed translucent gate.
  2508 | D:3      | Found a runed translucent gate.
  2508 | D:3      | Noticed Tramtrist's ghost (weakling DDFi)
  2795 | D:3      | Reached XP level 5. HP: 43/47 MP: 4/4
  3215 | D:4      | Found Zin's Purification Station.
  3223 | D:4      | Found a glowing silver altar of Zin.
  3499 | D:4      | Found a hazy altar of Hepliaklqana.
  3542 | D:4      | Reached skill level 5 in Axes
  3586 | D:4      | Noticed a phantom
  3617 | D:4      | Killed a phantom
  3617 | D:4      | Reached skill level 5 in Fighting
  3617 | D:4      | Reached skill level 5 in Armour
  3617 | D:4      | Reached skill level 5 in Shields
  3617 | D:4      | Reached XP level 6. HP: 49/56 MP: 5/5
  3909 | D:5      | Entered Level 5 of the Dungeon
  3911 | D:5      | Found a bloodstained altar of Trog.
  3941 | D:5      | Found a staircase to the Ecumenical Temple.
  3954 | Temple   | Entered the Ecumenical Temple
  4118 | Temple   | Became a worshipper of Yredelemnul the Dark
  4142 | D:5      | Noticed Ijyb
  4159 | D:5      | Killed Ijyb
  4264 | D:5      | Found a runed translucent door.
  4265 | D:5      | Noticed Crazy Yiuf
  4590 | D:6      | Noticed a sky beast
  4594 | D:6      | Reached skill level 6 in Axes
  4594 | D:6      | Reached XP level 7. HP: 59/61 MP: 6/6
  4745 | D:6      | Reached * piety under Yredelemnul
  5065 | D:6      | Reached skill level 1 in Dodging
  5334 | D:7      | Reached skill level 7 in Axes
  5335 | D:7      | Reached skill level 1 in Evocations
  5336 | D:7      | Reached skill level 1 in Invocations
  5381 | D:7      | Reached XP level 8. HP: 70/70 MP: 7/7
  6253 | D:7      | Reached skill level 8 in Axes
  6287 | D:7      | Reached ** piety under Yredelemnul
  6524 | D:8      | Noticed Harold
  6524 | D:8      | Noticed Prince Ribbit
  6547 | D:8      | Killed Harold
  6547 | D:8      | Reached skill level 9 in Axes
  6547 | D:8      | Reached XP level 9. HP: 49/79 MP: 8/10
  6567 | D:8      | Found a sand-covered staircase.
  6588 | Ossuary  | Entered an ossuary
  6976 | Ossuary  | Reached *** piety under Yredelemnul
  7380 | D:8      | Found a staircase to the Lair.
  7546 | D:8      | Reached XP level 10. HP: 51/86 MP: 11/11
  7662 | D:8      | Killed Prince Ribbit
  8040 | D:9      | Reached skill level 10 in Axes
  8313 | D:9      | Found a blossoming altar of Fedhas.
  8557 | D:9      | Noticed a five-headed hydra
  8577 | D:9      | Killed a five-headed hydra
  8607 | D:9      | Reached skill level 5 in Dodging
  8690 | D:9      | Found Osiselut's Assorted Antiques.
  8715 | D:9      | Bought a scroll labeled TAORAUWYMU for 24 gold pieces
  8715 | D:9      | Bought a smoky white potion for 21 gold pieces
  8765 | D:10     | Entered Level 10 of the Dungeon
  8778 | D:10     | Reached **** piety under Yredelemnul
  8887 | D:10     | Found a hide-covered altar of Uskayaw.
  8973 | D:10     | Found a hazy altar of Hepliaklqana.
  9103 | D:10     | Received a gift from Yredelemnul (2 flying skulls)
  9497 | D:10     | Reached skill level 5 in Invocations
  9686 | D:10     | Noticed a tengu warrior
  9700 | D:10     | Killed a tengu warrior
  9700 | D:10     | Reached skill level 11 in Axes
  9700 | D:10     | Reached XP level 11. HP: 88/95 MP: 13/13
  9749 | D:10     | Noticed Sonja
  9780 | D:10     | Killed Sonja
 10447 | D:11     | HP: 4/95 [something (3)]
 10763 | Lair:1   | Entered Level 1 of the Lair of Beasts
 10905 | Lair:1   | Noticed Grum
 10920 | Lair:1   | Killed Grum
 11363 | Lair:1   | Reached skill level 5 in Evocations
 11683 | Lair:1   | Received a gift from Yredelemnul (a wight)
 12622 | Lair:2   | Reached skill level 12 in Axes
 12937 | Lair:2   | Found a staircase to the Snake Pit.
 12947 | Lair:2   | Received a gift from Yredelemnul (a mummy)
 13323 | Lair:3   | Noticed an eight-headed hydra
 13668 | Lair:3   | Found a staircase to the Shoals.
 13690 | Lair:2   | Received a gift from Yredelemnul (a wraith)
 13832 | Lair:2   | Killed an eight-headed hydra
 13832 | Lair:2   | Reached XP level 12. HP: 88/105 MP: 8/15
 14830 | Lair:4   | You fall through a shaft for 2 floors!
 14830 | Lair:6   | Entered Level 6 of the Lair of Beasts
 14850 | Lair:6   | Noticed an eight-headed hydra
 14856 | Lair:6   | Reached skill level 10 in Shields
 14862 | Lair:6   | Killed an eight-headed hydra
 14862 | Lair:6   | Reached skill level 10 in Armour
 14863 | Lair:6   | Reached skill level 13 in Axes
 14900 | Lair:6   | Reached skill level 10 in Fighting
 14935 | Lair:6   | Received a gift from Yredelemnul (5 flying skulls)
 15330 | Lair:4   | Noticed a five-headed hydra
 15338 | Lair:4   | Killed a five-headed hydra
 15363 | Lair:4   | Noticed a seven-headed hydra
 15367 | Lair:4   | Reached ***** piety under Yredelemnul
 15370 | Lair:4   | Killed a seven-headed hydra
 16158 | Lair:5   | Reached XP level 13. HP: 111/114 MP: 17/17
 16573 | Lair:5   | Received a gift from Yredelemnul (3 flying skulls)
 16835 | Lair:6   | Received a gift from Yredelemnul (a wraith)
 16845 | Lair:6   | Reached skill level 14 in Axes
 17248 | Lair:6   | Received a gift from Yredelemnul (a wight)
 17474 | Lair:6   | Found a viscous altar of Jiyva.
 17475 | Lair:6   | Found a staircase to the Slime Pits.
 17568 | Lair:6   | Received a gift from Yredelemnul (a phantasmal warrior)
 18619 | D:11     | Found a white marble altar of Elyvilon.
 19453 | D:12     | Found Furghi Tetix's Armour Shoppe.
 19471 | D:12     | Received a gift from Yredelemnul (5 flying skulls)
 19488 | D:12     | Found a staircase to the Orcish Mines.
 19490 | D:12     | Found Bemefre's Weapon Shoppe.
 19538 | D:12     | Noticed Erolcha
 19553 | D:12     | Killed Erolcha
 20015 | D:13     | Reached XP level 14. HP: 124/124 MP: 19/19
 20021 | D:13     | Received a gift from Yredelemnul (a vampire)
 20045 | D:13     | Noticed Josephine
 20064 | D:13     | Killed Josephine
 20064 | D:13     | Reached skill level 15 in Axes
 20084 | D:13     | Gained mutation: You are frail. (-10% HP) [a shining eye]
 20304 | D:13     | Found a transporter.
 20324 | D:13     | Found a transporter.
 20324 | D:13     | Noticed Hycrow's ghost (journeyman GrEE)
 20442 | D:13     | Received a gift from Yredelemnul (a skeletal warrior)
 20528 | D:13     | Killed from afar by a fire dragon

Skill      XL: |  1  2  3  4  5  6  7  8  9 10 11 12 13 14 |
---------------+-------------------------------------------+-----
Axes           | 3 4 5 6 7 9 11 12 13 14 15 | 15.1
Fighting       | 4 5 7 8 9 10 11 | 11.5
Shields        | 4 5 7 8 9 10 11 | 11.6
Armour         | 4 5 7 8 9 10 11 | 11.6
Dodging        | 1 3 4 5 6 8 |  8.6
Evocations     | 1 2 3 4 5 6 7 |  7.8
Invocations    | 1 3 5 6 7 8 |  8.6

Action                   |  1- 3 |  4- 6 |  7- 9 | 10-12 | 13-15 || total
-------------------------+-------+-------+-------+-------+-------++-------
Melee: War axe           |    80 |   165 |   392 |   565 |   507 ||  1709
       Headbutt          |    11 |    33 |    94 |   165 |   135 ||   438
       Morningstar       |       |       |       |   103 |       ||   103
Invok: Animate Remains   |       |       |     1 |       |       ||     1
       Animate Dead      |       |       |       |    27 |    11 ||    38
       Drain Life        |       |       |       |     4 |     1 ||     5
Evoke: Wand              |       |       |       |     2 |       ||     2
  Use: Scroll            |       |       |    10 |     5 |       ||    15
 Stab: Distracted        |       |       |       |     8 |     2 ||    10
  Eat: Chunk             |     1 |    11 |     7 |    30 |    18 ||    67
       Ration            |       |       |     1 |     2 |       ||     3
Armor: Scale mail        |    39 |    55 |       |       |       ||    94
       Chain mail        |       |    30 |   159 |   270 |       ||   459
       Plate armour      |       |       |       |   113 |   154 ||   267
Dodge: Dodged            |    30 |    54 |   107 |   218 |   158 ||   567
Block: Shield            |    59 |    87 |   208 |   425 |   258 ||  1037
